 Dungeon Crawl Stone Soup version 0.21-a0-584-g185da8e (webtiles) character file.

118771 tsumetai the Unseen (level 16, -7/131 HPs)
             Began as a Vampire Assassin on Dec 21, 2017.
             Was the Champion of Ashenzari.
             Mangled by a hornet (9 damage)
             ... created by a shambling mangrove
             ... while paralysed by a hornet
             ... on level 3 of the Swamp.
             The game lasted 02:22:48 (35551 turns).

tsumetai the Unseen (Vampire Assassin)             Turns: 35551, Time: 02:22:48

Health: -7/131     AC: 11    Str: 10    XL:     16   Next: 26%
Magic:  20/20      EV:  2    Int: 17    God:    Ashenzari [******]
Gold:   845        SH:  0    Dex: 22    Spells: 5/21 levels left

rFire    + . .     SeeInvis +   M - +2 rapier (venom)
rCold    + . .     Gourm    .   y - +0 shield {reflect} (curse)
rNeg     + . .     Faith    .   b - +2 robe {rC+ rF+}
rPois    .         Spirit   .   d - +0 hat {MR+} (curse)
rElec    .         Reflect  +   g - +2 cloak (curse)
rCorr    .         Harm     .   F - +2 pair of gloves (curse)
MR       ++++.     Clarity  +   T - +0 pair of boots (curse)
Stlth    ++++++++..             N - +2 amulet of reflection (curse)
HPRegen  0.31/turn              c - +4 ring of slaying (curse)
MPRegen  0.17/turn              p - ring of the Mage {Wiz MR++ Int+3}

@: paralysed, lethally poisoned (-7 -> -41), grasped by roots, slowed, studying
Short Blades, very slow
A: fangs 3, see invisible, unbreathing
a: Bat Form, Curse Item, Scrying, Transfer Knowledge, Renounce Religion


You were on level 3 of the Swamp.
You worshipped Ashenzari.
Ashenzari was exalted by your worship.
You were not thirsty.

You visited 5 branches of the dungeon, and saw 27 of its levels.

You collected 2156 gold pieces.
You spent 1311 gold pieces at shops.

Inventory:

Hand Weapons
 M - a +2 rapier of venom (weapon)
 R - a +5 blowgun
Missiles
 f - 73 poisoned needles
 h - 12 curare-tipped needles
Armour
 b - a +2 robe of resistance (worn)
 d - a cursed +0 hat of magic resistance (worn)
 g - a cursed +2 cloak (worn)
 y - a cursed +0 shield of reflection (worn)
 F - a cursed +2 pair of gloves (worn)
 T - a cursed +0 pair of boots (worn)
Jewellery
 c - a cursed +4 ring of slaying (left hand)
 p - the ring of the Mage (right hand) {Wiz MR++ Int+3}
   (You found it on level 6 of the Lair of Beasts)

   [ring of wizardry]

   It improves your spell success rate.
   It affects your intelligence (+3).
   It affects your resistance to hostile enchantments.
 J - an uncursed ring of ice
 N - a cursed +2 amulet of reflection (around neck)
 P - an uncursed ring of fire
 Q - an uncursed ring of fire
 X - a +5 ring of strength
Wands
 e - a wand of flame (26)
 q - a wand of polymorph (10)
 z - a wand of iceblast (4)
 E - a wand of digging (9)
 K - a wand of disintegration (27)
 L - a wand of random effects (68)
 V - a wand of paralysis (16)
 Y - a wand of acid (8)
Scrolls
 a - 2 scrolls of magic mapping
 k - 3 scrolls of fear
 l - 4 scrolls of identify
 m - 6 scrolls of teleportation
 t - 3 scrolls of fog
 v - 4 scrolls of blinking
 A - 4 scrolls of enchant weapon
 C - a scroll of remove curse
 I - 2 scrolls of immolation
 O - 3 scrolls of vulnerability
Potions
 i - 3 potions of resistance
 j - 6 potions of flight
 n - 3 potions of cancellation
 r - 2 potions of brilliance
 s - 3 potions of curing
 u - 2 potions of haste
 w - 9 potions of blood
 x - 3 potions of might
 B - 2 potions of heal wounds
 D - 3 potions of mutation
 G - 2 potions of magic
 H - a potion of invisibility
 S - 2 potions of ambrosia
 U - 3 potions of berserk rage
 Z - 3 potions of agility
Books
 o - a manual of Short Blades


   Skills:
 * Level 13.5 Fighting
 + Level 14.7 Short Blades
 - Level 1.5 Throwing
 - Level 4.2 Armour
 * Level 15.6(18.1) Dodging
 + Level 16.7(19.1) Stealth
 * Level 10.5(13.3) Shields
 * Level 3.0 Spellcasting
 - Level 8.0(11.0) Hexes


You had 5 spell levels left.
You knew the following spells:

 Your Spells              Type           Power        Failure   Level  Hunger
a - Shroud of Golubria    Chrm/Tloc      #.........   12%         2    ##.....
b - Spectral Weapon       Hex/Chrm       ###.....     2%          3    ###....
c - Regeneration          Chrm/Necr      #.........   22%         3    ###....
d - Confuse               Hex            #####...     1%          3    ###....
e - Blink                 Tloc           N/A          12%         2    ##.....
f - Mephitic Cloud        Conj/Pois/Air  #.......     22%         3    ###....


Dungeon Overview and Level Annotations

Branches:
Dungeon (15/15)            Temple (1/1) D:7            Lair (6/6) D:9
  Swamp (3/4) Lair:4        Snake (0/4) Lair:4        Slime (0/5) Lair:5
    Orc (2/2) D:11            Elf (0/3) Orc:2        Vaults (0/5) D:14
 Depths (0/5) D:15

Altars:
Ashenzari
Cheibriados
Dithmenos
Elyvilon
Fedhas
Gozag
Hepliaklqana
Kikubaaqudgha
Makhleb
Nemelex Xobeh
Okawaru
Qazlal
Ru
Sif Muna
Trog
Uskayaw
Vehumet
Wu Jian
Xom
Yredelemnul
Zin
The Shining One
Jiyva

Shops:
D:5 }(   D:7 (   D:8 ?   D:9 !   D:11 (   D:13 ?   D:14 :[   Orc:2 %:(*

Annotations:
D:6 1 runed door, 1 transporter
D:8 mortelune's ghost, novice DECj
D:12 1 runed door
Lair:5 exclusions: downstairs and 2 oklob plants


Innate Abilities, Weirdness & Mutations

You have razor-sharp teeth.
You have supernaturally acute eyesight. (SInv)
You can survive without breathing.


Message History

The hornet stings you.
You are more poisoned.
You feel as though you will be slow longer.
The hornet barely misses you. The shambling mangrove hits you!!
* * * LOW HITPOINT WARNING * * *
You feel sick. The hornet stings you!
* * * LOW HITPOINT WARNING * * *
You are more poisoned.
You feel as though you will be slow longer.
The hornet stings you.
* * * LOW HITPOINT WARNING * * *
You feel as though you will be slow longer.
The hornet stings you but does no damage.
The hornet stings you!
* * * LOW HITPOINT WARNING * * *
You feel as though you will be slow longer.
The hornet stings you.
* * * LOW HITPOINT WARNING * * *
You shrug off the repeated paralysis!
The hornet stings you!
You die...

♣.≈≈≈≈.♣♣...≈≈..♣≈!≈
≈ ♣.≈≈≈≈≈♣..≈≈.♣≈≈♣
.≈≈
♣........≈♣....♣....≈
♣≈≈≈≈..♣≈≈..≈≈≈♣♣.≈≈≈
♣≈....♣♣≈.♣♣..≈♣ ..≈
≈ ♣.≈..)♣...♣♣♣..♣*
,, ♣(≈≈§.♣≈†♣♣ *♣.♣
*, ,* ♣≈..yf♣≈♣♣ *≈♣
{* ♣≈≈≈♣@y.♣ ≈♣ *
♣.≈≈♣y..♣ * **
♣.≈≈♣≈.♣♣ * ♣♣♣♣♣♣♣♣


You could see a shambling mangrove and 3 hornets.

Vanquished Creatures
  Gastronok (D:8)
  A thorn hunter (Swamp:1)
  Donald (Orc:2)
  Kirke (D:15)
  An orc warlord (Orc:1)
  A very ugly thing (Swamp:2)
  Josephine (Lair:4)
  An ogre mage (D:15)
  4 vault guards (D:14)
  A merfolk avatar (Lair:6)
  8 hydras
  3 alligators (Swamp:1)
  2 centaur warriors
  10 two-headed ogres
  13 death yaks
  4 orc high priests
  Sonja (Lair:3)
  2 sea snakes (Lair:6)
  5 skeletal warriors (D:15)
  3 swamp dragons
  Pikel (D:9)
  9 orc knights
  2 harpies
  9 ugly things
  2 deep elf magi (D:15)
  9 orc sorcerers
  2 manticores
  3 elephants
  10 cyclopes
  The ghost of CasualChangeling the Slasher, a novice DrFi of Trog (D:6)
  2 naga magi (D:15)
  6 black mambas
  3 gargoyles
  A torpor snail (Lair:6)
  13 spiny frogs
  2 kobold demonologists (D:12)
  3 rime drakes
  A freezing wraith (D:12)
  10 komodo dragons
  3 tyrant leeches (Swamp:1)
  2 polar bears (Lair:6)
  A troll (shapeshifter) (D:12)
  2 trolls
  A jumping spider (shapeshifter) (D:12)
  A hornet (shapeshifter) (D:15)
  4 bog bodies
  4 hornets
  3 slime creatures (D:15)
  8 hippogriffs
  7 blink frogs
  The ghost of M4edhros the Sneak, an amateur OpAr (D:5)
  3 shadows
  3 spriggans
  51 yaks
  2 vampires
  6 wraiths
  4 wyverns
  Grum (D:9)
  5 basilisks
  12 vampire mosquitoes (Swamp:1)
  5 hogs
  2 hungry ghosts
  3 insubstantial wisps (Swamp:3)
  2 wargs
  Edmund (D:5)
  A soldier ant (D:6)
  13 water moccasins
  4 acid dragons
  5 swamp worms
  An acid dragon (shapeshifter) (D:15)
  4 sky beasts
  9 ice beasts
  11 porcupines
  30 orc warriors
  4 slaves (D:9)
  2 phantoms (D:13)
  2 swamp drakes (Swamp:1)
  An eye of draining (D:11)
  3 black bears
  13 ogres
  A necrophage (D:10)
  17 wolves
  13 centaurs
  8 crocodiles
  7 big kobolds
  An elf zombie (D:7)
  Blork the orc (D:5)
  24 bullfrogs
  2 gnoll sergeants
  6 scorpions
  5 killer bees
  The ghost of Lanoc the Poker, a weakling MfBe of Trog (D:3)
  16 wights
  12 electric eels
  5 howler monkeys
  7 crimson imps
  A bullfrog zombie (D:13)
  5 centaur zombies
  5 hounds
  A human zombie (D:7)
  2 jellies
  4 bullfrog skeletons
  28 orc priests
  6 centaur skeletons
  28 orc wizards
  2 human skeletons (D:7)
  2 hell rats
  11 worker ants
  4 iguanas
  A killer bee zombie (D:5)
  An ogre zombie (D:7)
  A hound zombie (D:7)
  2 mummies (D:7)
  Robin (D:3)
  A howler monkey zombie (D:9)
  12 gnolls
  8 river rats (Lair:1)
  15 adders
  4 shadow imps
  An ooze (D:3)
  2 adder zombies
  2 worms (D:4)
  3 dart slugs
  7 leopard geckos
  78 orcs
  8 giant cockroaches
  7 goblins
  9 hobgoblins
  24 jackals
  6 quokkas
  A ball python (D:1)
  9 bats
  4 frilled lizards (D:1)
  27 kobolds
  A quokka zombie (D:5)
  16 rats
  2 butterflies (D:6)
871 creatures vanquished.

Vanquished Creatures (others)
  A cyclops (Orc:2)
  An orc warrior (D:12)
  An orc wizard (Orc:1)
  An orc (D:15)
  24 fungi
  12 plants
40 creatures vanquished.

Grand Total: 911 creatures vanquished

Notes
Turn   | Place    | Note
-------+----------+-------------------------------------------
     0 | D:1      | tsumetai the Vampire Assassin began the quest for the Orb.
     0 | D:1      | Reached XP level 1. HP: 16/16 MP: 1/1
    73 | D:1      | Found a shattered altar of Ashenzari.
    82 | D:1      | Became a worshipper of Ashenzari the Shackled
   127 | D:1      | Reached XP level 2. HP: 12/22 MP: 2/2
   604 | D:1      | Reached skill level 6 in Stealth
   820 | D:2      | Reached XP level 3. HP: 21/27 MP: 3/3
  1053 | D:2      | Found a faded altar of an unknown god.
  1838 | D:3      | Reached XP level 4. HP: 33/34 MP: 4/4
  2370 | D:3      | Found a sacrificial altar of Ru.
  2598 | D:3      | Noticed Lanoc's ghost (weakling MfBe)
  3327 | D:3      | Reached XP level 5. HP: 24/40 MP: 5/5
  3793 | D:3      | Reached * piety under Ashenzari
  3890 | D:3      | Killed Lanoc's ghost
  4699 | D:4      | Noticed a two-headed ogre
  4779 | D:4      | Reached XP level 6. HP: 47/47 MP: 6/6
  4809 | D:4      | HP: 2/47 [iguana (9)]
  5575 | D:3      | Reached skill level 7 in Stealth
  5576 | D:3      | Noticed Robin
  5602 | D:3      | Killed Robin
  6264 | D:4      | Found a blossoming altar of Fedhas.
  7029 | D:5      | Entered Level 5 of the Dungeon
  7087 | D:5      | Noticed Edmund
  7126 | D:4      | Reached XP level 7. HP: 45/53 MP: 7/7
  7173 | D:5      | Reached skill level 5 in Short Blades
  7237 | D:5      | Found Boisiq's Gadget Boutique.
  7245 | D:5      | Noticed M4edhros's ghost (amateur OpAr)
  7310 | D:5      | Killed M4edhros's ghost
  7310 | D:5      | Reached skill level 5 in Dodging
  7525 | D:5      | Found Viahaclo's Weapon Emporium.
  7529 | D:5      | Reached skill level 8 in Stealth
  7533 | D:5      | Bought a +2 rapier of venom for 201 gold pieces
  7684 | D:5      | Killed Edmund
  7684 | D:5      | Reached XP level 8. HP: 58/61 MP: 8/8
  7722 | D:5      | Noticed Blork the orc
  7731 | D:5      | Killed Blork the orc
  7838 | D:5      | Reached skill level 5 in Fighting
  8039 | D:6      | Noticed CasualChangeling's ghost (novice DrFi)
  8293 | D:6      | Found a runed door.
  8311 | D:6      | Found a runed door.
  8573 | D:6      | Found a sparkling altar of Nemelex Xobeh.
  8573 | D:6      | Found a transporter.
  8574 | D:6      | Noticed an ice dragon
  9513 | D:6      | Reached skill level 9 in Stealth
  9913 | D:7      | Reached XP level 9. HP: 60/69 MP: 9/9
 10245 | D:7      | Found an ancient bone altar of Kikubaaqudgha.
 10454 | D:7      | Found a white marble altar of Elyvilon.
 10486 | D:7      | Reached skill level 10 in Stealth
 10819 | D:7      | Found Pugg's Antique Weapon Shop.
 10952 | D:7      | Found a staircase to the Ecumenical Temple.
 11158 | Temple   | Entered the Ecumenical Temple
 11312 | D:8      | Reached ** piety under Ashenzari
 11325 | D:8      | Noticed mortelune's ghost (novice DECj)
 11385 | D:8      | Noticed Gastronok
 11418 | D:8      | Killed Gastronok
 11418 | D:8      | Reached skill level 1 in Armour
 11418 | D:8      | Reached XP level 10. HP: 62/80 MP: 10/10
 11504 | D:8      | Noticed a two-headed ogre
 11518 | D:8      | Killed a two-headed ogre
 11518 | D:8      | Reached skill level 11 in Stealth
 11729 | D:8      | Found Fumman's Magic Scroll Emporium.
 12114 | D:8      | Bought a scroll of remove curse for 48 gold pieces
 12552 | D:9      | Reached skill level 10 in Dodging
 12815 | D:9      | Reached XP level 11. HP: 73/87 MP: 11/11
 12925 | D:9      | Noticed Pikel
 13000 | D:9      | Killed Pikel
 13206 | D:9      | Paralysed by a hornet for 1 turns
 13208 | D:9      | Reached skill level 12 in Stealth
 13451 | D:9      | Noticed Grum
 13500 | D:9      | Killed Grum
 13687 | D:9      | Found a staircase to the Lair.
 13730 | D:9      | Found Guergheol's Distillery.
 13749 | D:9      | Bought 2 potions of degeneration for 28 gold pieces
 13838 | D:10     | Entered Level 10 of the Dungeon
 13951 | D:10     | Noticed a two-headed ogre
 13962 | D:10     | Killed a two-headed ogre
 14208 | D:10     | Found an iron altar of Okawaru.
 14729 | D:11     | Reached skill level 1 in Shields
 14771 | D:11     | Reached *** piety under Ashenzari
 14906 | D:11     | Found Ylockaxe's Antique Weapon Emporium.
 14921 | D:11     | Bought a glowing rapier for 154 gold pieces
 15025 | D:11     | Noticed an orc knight
 15113 | D:11     | Killed an orc knight
 15228 | D:11     | Reached XP level 12. HP: 97/97 MP: 12/12
 15457 | D:11     | Reached skill level 10 in Fighting
 15467 | D:11     | Found a staircase to the Orcish Mines.
 15565 | D:12     | Noticed a two-headed ogre
 15582 | D:12     | Killed a two-headed ogre
 15966 | D:12     | Reached skill level 13 in Stealth
 16420 | D:12     | Found a runed door.
 16424 | D:12     | Found the +10 morningstar "Eos" {elec, Halo rElec}
 16424 | D:12     | Noticed a sphinx
 16424 | D:12     | Noticed a two-headed ogre
 16424 | D:12     | Noticed a frost giant
 16431 | D:12     | Noticed a four-headed hydra
 16455 | D:12     | Killed a four-headed hydra
 16577 | D:12     | Found a blossoming altar of Fedhas.
 16610 | D:12     | Noticed a two-headed ogre
 16618 | D:12     | Killed a two-headed ogre
 16631 | D:12     | Got the cursed pair of gloves of Liberalism {rC- Int+3 Dex+4}
 16830 | D:12     | Reached skill level 10 in Short Blades
 17284 | D:12     | Reached skill level 5 in Shields
 17848 | Lair:1   | Entered Level 1 of the Lair of Beasts
 18276 | Lair:1   | Noticed a six-headed hydra
 18283 | Lair:1   | Killed a six-headed hydra
 18283 | Lair:1   | Reached XP level 13. HP: 85/105 MP: 13/13
 19501 | Lair:3   | Noticed Sonja
 19505 | Lair:3   | Killed Sonja
 19505 | Lair:3   | Reached skill level 14 in Stealth
 20221 | Lair:4   | Reached **** piety under Ashenzari
 20666 | Lair:4   | Found a staircase to the Swamp.
 20724 | Lair:4   | Found a staircase to the Snake Pit.
 21184 | Lair:4   | Noticed Josephine
 21244 | Lair:4   | Killed Josephine
 21782 | Lair:5   | Found a viscous altar of Jiyva.
 21786 | Lair:5   | Found a staircase to the Slime Pits.
 21857 | Lair:5   | manual of short blades L5
 22524 | Lair:6   | Entered Level 6 of the Lair of Beasts
 22754 | Lair:5   | Reached XP level 14. HP: 114/114 MP: 14/14
 22975 | Lair:6   | Reached ***** piety under Ashenzari
 23977 | Lair:6   | Reached skill level 15 in Stealth
 24577 | Lair:6   | Found the ring of the Mage {Wiz MR++ Int+3}
 24633 | Lair:6   | Learned a level 2 spell: Shroud of Golubria
 24637 | Lair:6   | Learned a level 3 spell: Spectral Weapon
 24641 | Lair:6   | Learned a level 3 spell: Regeneration
 24646 | Lair:6   | Learned a level 3 spell: Confuse
 25090 | D:6      | Killed CasualChangeling's ghost
 25419 | Orc:1    | Entered Level 1 of the Orcish Mines
 25423 | Orc:2    | Entered Level 2 of the Orcish Mines
 25491 | Orc:2    | Noticed Donald
 25495 | Orc:2    | Found Fuvutz's Book Shoppe.
 25495 | Orc:2    | Found Dukux's Food Shoppe.
 25645 | Orc:2    | Reached skill level 1 in Hexes
 25830 | Orc:2    | Found a bloodstained altar of Trog.
 25834 | Orc:2    | Found a staircase to the Elven Halls.
 26228 | D:13     | Found Uryb Hen's Magic Scroll Shop.
 26251 | D:13     | Bought a scroll of remove curse for 48 gold pieces
 27038 | D:14     | Found Beoddav's Armour Emporium.
 27078 | D:14     | Found a glowing silver altar of Zin.
 27078 | D:14     | Noticed an angel
 27152 | D:14     | Found Udghomic's Book Shop.
 27444 | D:14     | Reached XP level 15. HP: 60/122 MP: 15/15
 27948 | D:14     | Found a gate to the Vaults.
 28336 | D:15     | Entered Level 15 of the Dungeon
 28573 | D:15     | Noticed Kirke
 28623 | D:15     | Found a sparkling altar of Nemelex Xobeh.
 28721 | D:15     | Noticed a sphinx
 28721 | D:15     | Killed Kirke
 29141 | Orc:1    | Reached skill level 15 in Dodging
 29145 | Orc:1    | Reached skill level 5 in Hexes
 29891 | Orc:1    | Noticed an orc warlord
 29910 | Orc:1    | Reached skill level 16 in Stealth
 29925 | Orc:1    | Killed an orc warlord
 30208 | Orc:2    | Killed Donald
 30799 | Orc:2    | Found Gopoetoch's Weapon Shop.
 30961 | Orc:2    | Found Peygom's Assorted Antiques.
 31014 | Orc:2    | Identified the cursed +0 pair of gloves of Liberalism {rC- Int+3 Dex+4} (You found it on level 12 of the Dungeon)
 31123 | D:13     | Bought a scroll of acquirement for 832 gold pieces
 31815 | D:15     | Reached skill level 10 in Shields
 32948 | D:15     | Reached skill level 1 in Spellcasting
 32975 | D:15     | Found a staircase to the Depths.
 33895 | Swamp:1  | Entered Level 1 of the Swamp
 33897 | Swamp:1  | Identified the cursed +0 naga barding of the Dwarven Hall {rElec rN+ Dex-4 Slay+2}
 33960 | Swamp:1  | Reached XP level 16. HP: 98/131 MP: 18/18
 34001 | Swamp:1  | Noticed a thorn hunter
 34008 | Swamp:1  | Killed a thorn hunter
 34160 | Swamp:1  | Learned a level 2 spell: Blink
 34164 | Swamp:1  | Learned a level 3 spell: Mephitic Cloud
 34759 | Swamp:2  | Reached ****** piety under Ashenzari
 35508 | Swamp:3  | Noticed a thorn hunter
 35550 | Swamp:3  | Paralysed by a hornet for 3 turns
 35551 | Swamp:3  | HP: 5/131 [hornet[a shambling mangrove] (8)]
 35551 | Swamp:3  | HP: 2/131 [hornet[a shambling mangrove] (3)]
 35551 | Swamp:3  | Mangled by a hornet

Vault maps used:
D:1:      mrwooster_arrival_statue_3, st_stairs_5, solitary_fountain,
          evilmike_ruin_ashenzari
D:2:      chequers_ecumenical_altar_simple_redux
D:3:      nicolae_ru_sacrificial_ziggurat, grunt_ministairs_10, hex_tiny,
          uniq_robin
D:4:      lemuel_doored_altar, first_ration
D:5:      serial_shops, kennysheep_mini, shop, uniq_edmund, uniq_blork_the_orc
D:6:      lemuel_insect_pit, grunt_nemelex_the_gamble
D:7:      minmay_temple_entry_trees, basic_altar, serial_shops, shop,
          lemuel_mausoleum_altar_kikubaaqudgha
D:8:      serial_shops, shop, uniq_gastronok
D:9:      grunt_lair_entry_orc_guard_hut, serial_shops, kennysheep_little_box,
          uniq_pikel, uniq_grum
D:10:     hangedman_stone_soup, lemuel_statue_altar
D:11:     orc_0_dummy, serial_shops, shop
D:12:     minmay_the_grid_triangle_9x9_recursive_3, minivault_13
D:13:     serial_shops, nicolae_shop_trees
D:14:     lightli_vaults_fourway_checkpoint, serial_shops, shop_statue, shop,
          zin_angel
D:15:     grunt_enter_depths_magical_seal, basic_altar, serial_bayou_pond_e,
          minmay_fountain_box, uniq_kirke
Temple:   regret_index_temple_chain_breaker
Lair:1:   kennysheep_abandoned_house
Lair:2:   serial_bayou_shore_b
Lair:3:   uniq_sonja
Lair:4:   minmay_swamp_entry_eels, guppyfry_snake_entry_island,
          cheibrodos_lair_reptile_den, uniq_josephine
Lair:5:   slime_altar_1, grunt_megastairs_4, minmay_lair_oklob_chamber,
          lemuel_fruit_tree, serial_bayou_shore_b
Lair:6:   gammafunk_lair_ancient_temple, infiniplex_staircase_pool
Swamp:1:  evilmike_swamp_ruin_house_4
Swamp:2:  serial_swamp_ruin, evilmike_swamp_ruin_house_3,
          evilmike_swamp_ruin_rubble_2, evilmike_swamp_ruin_house_5
Swamp:3:  hangedman_swamp_diagram, swamp_pool2, uniq_louise
Orc:2:    st_orc_elflike, bloody_trog, uniq_donald

Skill      XL: |  1  2  3  4  5  6  7  8  9 10 11 12 13 14 15 16 |
---------------+-------------------------------------------------+-----
Fighting       | 2 3 4 6 7 8 9 10 11 12 13 | 13.5
Stealth        | 6 7 8 9 10 11 12 13 14 15 16 | 16.7
Dodging        | 2 3 4 5 7 9 10 11 12 13 14 15 | 15.6
Short Blades   | 3 4 5 6 7 8 9 10 11 12 14 | 14.7
Armour         | 1 3 4 |  4.2
Shields        | 2 5 7 9 10 | 10.5
Hexes          | 2 8 |  8.0
Spellcasting   | 1 3 |  3.0
Throwing       | |  1.5

Action                   |  1- 3 |  4- 6 |  7- 9 | 10-12 | 13-15 | 16-18 || total
-------------------------+-------+-------+-------+-------+-------+-------++-------
Melee: Dagger            |   121 |   289 |    24 |       |       |       ||   434
       Bite              |    16 |    26 |    36 |   126 |   394 |    49 ||   647
       Rapier            |       |       |   191 |   844 |  2273 |   260 ||  3568
       Unarmed           |       |       |       |       |     2 |       ||     2
 Fire: Shortbow          |     5 |    50 |    15 |       |       |       ||    70
       Blowgun           |       |    19 |    12 |    17 |     1 |       ||    49
Throw: Throwing net      |       |     2 |       |       |       |       ||     2
 Cast: Regeneration      |       |       |       |       |     4 |       ||     4
       Shroud of Golubri |       |       |       |       |     4 |       ||     4
       Spectral Weapon   |       |       |       |       |     4 |       ||     4
       Confuse           |       |       |       |       |     1 |       ||     1
Invok: Curse Item        |       |     1 |     1 |     3 |     5 |       ||    10
       Scrying           |       |       |       |     2 |     1 |       ||     3
 Abil: End Transformatio |       |     7 |     2 |     3 |     2 |       ||    14
       Bat Form          |       |     7 |     2 |     3 |     2 |       ||    14
Evoke: Wand              |       |       |       |     6 |    10 |       ||    16
  Use: Scroll            |     2 |     9 |     5 |     5 |    17 |     1 ||    39
       Potion            |       |     6 |     6 |     7 |    16 |     1 ||    36
 Stab: Sleeping          |     5 |    12 |    18 |    41 |    50 |    11 ||   137
       Distracted        |     1 |       |       |     7 |    13 |       ||    21
       Confused          |       |       |       |     2 |       |       ||     2
  Eat: Corpse            |     3 |    12 |     6 |    13 |    40 |     3 ||    77
Armor: Robe              |    24 |    26 |    22 |    83 |   137 |    14 ||   306
       Skin              |       |    24 |       |       |       |       ||    24
Dodge: Dodged            |    71 |   170 |   123 |   526 |  1261 |   128 ||  2279
Block: Buckler           |       |       |       |    96 |   670 |       ||   766
       Reflection        |       |       |       |     4 |    16 |       ||    20
       Other             |       |       |       |       |     3 |       ||     3
       Shield            |       |       |       |       |   216 |   122 ||   338

Table legend:
 A = Spawn XP
 B = Non-spawn XP
 C = Spawn XP percentage of total XP
 D = Spawn monster count
 E = Non-spawn monster count
 F = Spawn count percentage of total count
 G = Total turns spent on level
                    A         B        C        D         E        F      G
               +---------+---------+-------+---------+---------+-------+---------
         Total |       0 |  169673 |   0.0 |       0 |     867 |   0.0 | 35551
               +---------+---------+-------+---------+---------+-------+---------
           D:1 |       0 |      48 |   0.0 |       0 |      23 |   0.0 |  1063
           D:2 |       0 |      61 |   0.0 |       0 |      14 |   0.0 |  1365
           D:3 |       0 |     265 |   0.0 |       0 |      42 |   0.0 |  2925
           D:4 |       0 |     326 |   0.0 |       0 |      20 |   0.0 |  1741
           D:5 |       0 |    1032 |   0.0 |       0 |      13 |   0.0 |   864
           D:6 |       0 |    1476 |   0.0 |       0 |      21 |   0.0 |  2014
           D:7 |       0 |    1453 |   0.0 |       0 |      40 |   0.0 |  1348
           D:8 |       0 |    4810 |   0.0 |       0 |      44 |   0.0 |  1376
           D:9 |       0 |    5096 |   0.0 |       0 |      53 |   0.0 |  1487
          D:10 |       0 |    3275 |   0.0 |       0 |      31 |   0.0 |   888
          D:11 |       0 |    7115 |   0.0 |       0 |      57 |   0.0 |  1270
          D:12 |       0 |   11862 |   0.0 |       0 |      51 |   0.0 |  2369
          D:13 |       0 |    7956 |   0.0 |       0 |      46 |   0.0 |  1033
          D:14 |       0 |   11870 |   0.0 |       0 |      30 |   0.0 |  2046
          D:15 |       0 |   21338 |   0.0 |       0 |      58 |   0.0 |  1716
        Lair:1 |       0 |    3921 |   0.0 |       0 |      30 |   0.0 |   767
        Lair:2 |       0 |    5190 |   0.0 |       0 |      30 |   0.0 |   921
        Lair:3 |       0 |    4869 |   0.0 |       0 |      15 |   0.0 |   996
        Lair:4 |       0 |   11419 |   0.0 |       0 |      41 |   0.0 |  1813
        Lair:5 |       0 |    7598 |   0.0 |       0 |      32 |   0.0 |  1630
        Lair:6 |       0 |   20560 |   0.0 |       0 |      48 |   0.0 |  1576
       Swamp:1 |       0 |   13097 |   0.0 |       0 |      33 |   0.0 |   712
       Swamp:2 |       0 |    4095 |   0.0 |       0 |      11 |   0.0 |   871
       Swamp:3 |       0 |    2008 |   0.0 |       0 |       6 |   0.0 |    73
         Orc:1 |       0 |    6191 |   0.0 |       0 |      37 |   0.0 |   846
         Orc:2 |       0 |   12742 |   0.0 |       0 |      41 |   0.0 |  1708
               +---------+---------+-------+---------+---------+-------+---------
